 Dungeon Crawl Stone Soup version 0.23-a0-448-g1c01f63 (webtiles) character file.

604799 Dfrag the Eclecticist (level 27, -15/217 HPs)
             Began as a Naga Fire Elementalist on Nov 20, 2018.
             Was the Champion of Makhleb.
             Demolished by an eldritch tentacle (64 damage)
             ... while paralysed by an eldritch tentacle
             ... in a wizard's laboratory on Nov 21, 2018.
             The game lasted 03:37:15 (66687 turns).

Dfrag the Eclecticist (Naga Fire Elementalist)     Turns: 66687, Time: 03:37:16

Health: -15/217    AC: 35    Str: 22    XL:     27
Magic:  27/47      EV:  1    Int: 40    God:    Makhleb [******]
Gold:   4131       SH:  0    Dex: 14    Spells: 18/66 levels left

rFire    + + .     SeeInvis +   m - staff of energy
rCold    x x .     Gourm    .   f - +3 buckler {AC+3}
rNeg     . . .     Faith    .   k - +4 scale mail of Epommu {Str+3 Int+8}
rPois    +         Spirit   .   B - +2 helmet {SInv}
rElec    .         Reflect  .   X - +2 cloak
rCorr    .         Harm     .   D - +2 pair of gloves {Dex+3}
MR       +++..                  (no barding)
Stlth    ++++++....             v - amulet of magic regeneration
HPRegen  0.46/turn              L - ring "Goliaden" {+Inv rC- Str+4 Int+5 Stlth+}
MPRegen  0.55/turn              M - ring of fire

@: paralysed, studying 2 skills, very slow
A: large, stinger 2, slimy green scales 1, camouflage 1, see invisible, clever
1, deformed body, fire resistance 1, poison resistance, slowness 2, slow
metabolism 1, spit poison 1, constrict 1, AC +9
}: 3/15 runes: decaying, slimy, gossamer
a: Spit Poison, Minor Destruction, Lesser Servant of Makhleb, Major Destruction,
Greater Servant of Makhleb, Renounce Religion, Evoke Invisibility


You were in a wizard's laboratory.
You worshipped Makhleb.
Makhleb was exalted by your worship.
You were not hungry.

You visited 9 branches of the dungeon, and saw 48 of its levels.
You visited the Abyss 2 times.
You also visited: Labyrinth, Sewer, Bailey and Wizlab.

You collected 6711 gold pieces.
You spent 2580 gold pieces at shops.

Inventory:

Hand Weapons
 e - a +2 vampiric demon whip
 q - the +6 flail of the Gloaming {speed, rN+ MR+ Str-5 Int+7}
   (You found it on level 2 of the Vaults)

   Attacks with this weapon are significantly faster.
   It affects your strength (-5).
   It affects your intelligence (+7).
   It protects you from negative energy.
   It affects your resistance to hostile enchantments.
 y - the +9 staff of Olgreb {rPois}
   (You took it off Arachne on level 4 of the Spider Nest)

   It protects you from poison.
 Q - the +6 Majin-Bo {vamp, Archmagi MP+6 Int+6}
   (You found it on level 2 of the Depths)

   It inflicts no extra harm, but heals its wielder when it wounds a living foe.
   It affects your intelligence (+6).
   It affects your magic capacity (+6).
Armour
 f - a +3 buckler of protection (worn)
 g - a +3 buckler
 k - the +4 scale mail of Epommu (worn) {Str+3 Int+8}
   (You bought it in a shop on level 2 of the Vaults)

   It affects your strength (+3).
   It affects your intelligence (+8).
 t - the +6 faerie dragon scales {rC++ rCorr MP+9}
   (You took it off the Enchantress on level 3 of the Depths)

   It greatly protects you from cold.
   It affects your magic capacity (+9).
   It provides partial protection from all sources of acid and corrosion.
 B - a +2 helmet of see invisible (worn)
 D - a +2 pair of gloves of dexterity (worn)
 X - a +2 cloak (worn)
Magical Staves
 m - an uncursed staff of energy (weapon)
 x - an uncursed staff of conjuration
 Y - an uncursed staff of power
 Z - an uncursed staff of fire
Jewellery
 v - an amulet of magic regeneration (around neck)
 L - the ring "Goliaden" (left hand) {+Inv rC- Str+4 Int+5 Stlth+}
   (You found it on level 3 of the Elven Halls)

   [ring of stealth]

   It affects your strength (+4).
   It affects your intelligence (+5).
   It makes you vulnerable to cold.
   It lets you turn invisible.
   It makes you more stealthy.
 M - a ring of fire (right hand)
Wands
 u - a wand of acid (67)
 N - a wand of digging (12)
 O - a wand of scattershot (3)
Scrolls
 a - 4 scrolls of enchant weapon
 d - 17 scrolls of remove curse
 j - 11 scrolls of amnesia
 l - 5 scrolls of fear
 o - 5 scrolls of fog
 p - 3 scrolls of identify
 z - 4 scrolls of blinking
 C - 6 scrolls of enchant armour
 H - a scroll of summoning
 I - 4 scrolls of immolation
 R - 2 scrolls of magic mapping
 S - 2 scrolls of holy word
 U - 3 scrolls of teleportation
Potions
 b - 10 potions of flight
 i - a potion of magic
 n - 7 potions of heal wounds
 s - 10 potions of curing
 w - 2 potions of lignification
 E - 3 potions of mutation
 F - a potion of haste
 J - a potion of ambrosia
 K - 5 potions of brilliance
 P - 2 potions of resistance
 T - a potion of invisibility
 V - 6 potions of cancellation
 W - a potion of berserk rage
Books
 r - a manual of Translocations
 A - a manual of Bows
Miscellaneous
 G - a crystal ball of energy
Comestibles
 c - 59 rations
 h - 3 chunks of flesh


   Skills:
 - Level 7.5 Fighting
 + Level 13.9 Armour
 - Level 1.5 Dodging
 - Level 12.4 Stealth
 - Level 4.0 Shields
 - Level 20.3 Spellcasting
 - Level 20.2 Conjurations
 - Level 20.0 Fire Magic
 + Level 20.1 Air Magic


You had 18 spell levels left.
You knew the following spells:

 Your Spells              Type           Power        Failure   Level  Hunger
a - Flame Tongue          Conj/Fire      #####        0%          1    None
b - Conjure Flame         Conj/Fire      ########     0%          3    None
c - Sticky Flame          Conj/Fire      ########     0%          4    None
d - Fireball              Conj/Fire      ########..   0%          5    None
e - Iskenderun's Mystic   Conj           ########     0%          4    None
f - Ignition              Fire           ########..   2%          8    None
g - Apportation           Tloc           #####.       1%          1    None
h - Orb of Destruction    Conj           ########..   1%          7    None
i - Iron Shot             Conj/Erth      #######...   3%          6    None
j - Tornado               Air            ########..   32%         9    None

Your spell library contained the following spells:

 Spells                   Type           Power        Failure   Level  Hunger
 Magic Dart               Conj           ####         0%          1    None
 Shock                    Conj/Air       ####         0%          1    None
 Searing Ray              Conj           ######       0%          2    None
 Throw Flame              Conj/Fire      ######       0%          2    None
 Static Discharge         Conj/Air       ########     0%          3    None
 Airstrike                Air            ########..   0%          4    None
 Lightning Bolt           Conj/Air       ########..   0%          5    None
 Animate Skeleton         Necr           N/A          1%          1    None
 Beastly Appendage        Tmut           #####.       1%          1    None
 Confusing Touch          Hex            #####.       1%          1    None
 Freeze                   Ice            ####         1%          1    None
 Infusion                 Chrm           ####         1%          1    None
 Pain                     Necr           ####         1%          1    None
 Sandblast                Erth           #####.       1%          1    None
 Summon Butterflies       Summ           #####...     1%          1    None
 Summon Small Mammal      Summ           ####         1%          1    None
 Call Imp                 Summ           #####...     1%          2    None
 Passwall                 Tmut/Erth      #####...     1%          2    None
 Shroud of Golubria       Chrm/Tloc      #####.....   1%          2    None
 Song of Slaying          Chrm           #####...     1%          2    None
 Sticks to Snakes         Tmut           #####...     1%          2    None
 Swiftness                Chrm/Air       #######.     1%          2    None
 Throw Frost              Conj/Ice       ######       1%          2    None
 Dazzling Spray           Conj/Hex       ######       1%          3    None
 Ignite Poison            Fire/Tmut/Pois #######.     1%          3    None
 Inner Flame              Hex/Fire       ########     1%          3    None
 Stone Arrow              Conj/Erth      ######       1%          3    None
 Force Lance              Conj/Tloc      #######.     1%          4    None
 Fulminant Prism          Conj/Hex       #######...   1%          4    None
 Summon Lightning Spire   Summ/Air       #######.     1%          4    None
 Throw Icicle             Conj/Ice       #######.     1%          4    None
 Bolt of Magma            Conj/Fire/Erth ########..   1%          5    None
 Iskenderun's Battlesphe  Conj/Chrm      #######.     1%          5    None
 Silence                  Hex/Air        #######...   1%          5    None
 Venom Bolt               Conj/Pois      #######...   1%          5    None
 Freezing Cloud           Conj/Ice/Air   #######...   1%          6    None
 Call Canine Familiar     Summ           #####...     3%          3    None
 Confuse                  Hex            #####...     3%          3    None
 Gell's Gravitas          Tloc           #####.....   3%          3    None
 Lesser Beckoning         Tloc           #####.....   3%          3    None
 Ozocubu's Armour         Chrm/Ice       #####...     3%          3    None
 Recall                   Summ/Tloc      N/A          3%          3    None
 Regeneration             Chrm/Necr      #####.....   3%          3    None
 Spectral Weapon          Hex/Chrm       #####...     3%          3    None
 Spider Form              Tmut/Pois      #####.....   3%          3    None
 Summon Guardian Golem    Hex/Summ       #####...     3%          3    None
 Tukima's Dance           Hex            #####...     3%          3    None
 Vampiric Draining        Necr           #####.....   3%          3    None
 Bolt of Cold             Conj/Ice       #######...   3%          6    None
 Deflect Missiles         Chrm/Air       #######...   3%          6    None
 Animate Dead             Necr           N/A          12%         4    None
 Cause Fear               Hex            #####.....   12%         4    None
 Ice Form                 Ice/Tmut       #####...     12%         4    None
 Leda's Liquefaction      Hex/Erth       #####.....   12%         4    None
 Petrify                  Tmut/Erth      #####...     12%         4    None
 Summon Ice Beast         Ice/Summ       #####...     12%         4    None
 Spellforged Servitor     Conj/Summ      #######...   16%         7    None
 Ring of Flames           Chrm/Fire      ########..   17%         7    None
 Alistair's Intoxication  Tmut/Pois      #####...     32%         5    None
 Aura of Abjuration       Summ           #####.....   32%         5    None
 Blade Hands              Tmut           #####.....   32%         5    None
 Excruciating Wounds      Chrm/Necr      #####.....   32%         5    None
 Lee's Rapid Deconstruct  Erth           #####.....   32%         5    None
 Metabolic Englaciation   Hex/Ice        #####.....   32%         5    None
 Summon Demon             Summ           #####.....   32%         5    None
 Summon Forest            Summ/Tloc      #####.....   32%         5    None
 Summon Mana Viper        Hex/Summ       #####...     32%         5    None
 Yara's Violent Unravell  Hex/Tmut       #####.....   32%         5    None
 Invisibility             Hex            #####...     88%         6    None
 Ozocubu's Refrigeration  Ice            #####.....   88%         6    None
 Shadow Creatures         Summ           N/A          88%         6    None
 Simulacrum               Ice/Necr       #####.....   88%         6    None
 Statue Form              Tmut/Erth      #####....    88%         6    None
 Haunt                    Necr/Summ      #####.....   100%        7    None
 Summon Hydra             Summ           #####.....   100%        7    None
 Borgnjor's Revivificati  Necr           #####.....   100%        8    None
 Death's Door             Chrm/Necr      #####.....   100%        8    None
 Discord                  Hex            #####.....   100%        8    None
 Infestation              Necr           #####.....   100%        8    None
 Necromutation            Tmut/Necr      #####.....   100%        8    None
 Shatter                  Erth           #####.....   100%        9    None


Dungeon Overview and Level Annotations

Branches:
Dungeon (15/15)            Temple (0/1) D:7            Lair (6/6) D:10
  Swamp (4/4) Lair:3       Spider (4/4) Lair:4        Slime (5/5) Lair:5
    Orc (2/2) D:10            Elf (3/3) Orc:2        Vaults (5/5) D:13
  Crypt (0/3) Vaults:3     Depths (4/5) D:15

Altars:
Ashenzari
Fedhas
Makhleb
Nemelex Xobeh
Okawaru
Ru
Sif Muna
Trog
Vehumet
Wu Jian
Xom
The Shining One
Beogh
Jiyva

Shops:
D:5 ([   D:14 [   Orc:2 (!!(=   Elf:3 *![=   Vaults:2 [   Depths:1 !

Portals:
Hell: Depths:1 Depths:2 Depths:3
Abyss: Depths:2
Pandemonium: Depths:3
Ziggurat: Depths:3
Trove: Vaults:2 (give +5 demon whip)

Annotations:
D:15 exclusion: obsidian statue
Lair:1 1 runed door, FlobFlarker's ghost, novice OgHu
Lair:3 2 transporters, Efaggol's ghost, journeyman DsFi WizLab 6 transporters, exclusion: obsidian statue


Innate Abilities, Weirdness & Mutations

You cannot wear boots.
Your serpentine skin is tough. (AC +9)
You have supernaturally acute eyesight. (SInv)
Armour fits poorly on your strangely shaped body.
Your system is resistant to poisons. (rPois)
You cover ground very slowly.
You have a slow metabolism.
You can spit poison.
You can use your snake-like lower body to constrict enemies.
Your tail ends in a sharp poisonous barb.
You are partially covered in slimy green scales. (AC +2)
Your skin changes colour to match your surroundings (Stealth+).
Your mind is acute. (Int +2)
Your flesh is heat resistant. (rF+)


Message History

Aim: an obsidian statue (severely damaged)
The iron shot hits the eldritch tentacle.
The eldritch tentacle is moderately damaged.
The eldritch tentacle slaps you!
You are engulfed in flames!
You resist.
The eldritch tentacle closely misses you.
Unknown command.
Magic courses through your body.
The eldritch tentacle slaps you but does no damage.
The eldritch tentacle claws you but does no damage.
The eldritch tentacle slaps you! The eldritch tentacle freezes you!!
You feel a terrible chill! The eldritch tentacle claws you.
You suddenly lose the ability to move!
The obsidian statue's eyes glow briefly.
The obsidian statue attempts to bespell you!
You resist with almost no effort. The eldritch tentacle slaps you!
* * * LOW HITPOINT WARNING * * *
The eldritch tentacle claws you!
* * * LOW HITPOINT WARNING * * *
The eldritch tentacle freezes you!!!
You feel a terrible chill!
You die...

###.#8#..#.#.#.#.#..#8#.#.#
.#...≈.######∩########...≈##
..#.#.##.#..###§§#. #...#.≈#
.##.#.#.©#.[.#§§§#∩ #.###..#
...#.####.?/...§§§####.##.##
.####.# ...$.§.....#..##.#
...#.## ..:#.#.....##....#
#.#...##...##.##5..##.....#
##.8.#∩##..[.8─w@.##©##8.##
#...#.##.?.##*##...##.#.#.##
##.#.## ...#.#..§§§##..≈#.###
#.###.# ..([....§§§#..##≈...#
...#.## §.......§####.##..###
.≈###.# #§§§#...#©.#.#.#...#
#.##≈.# #§§###..#.##.#...#≈#
.#.#.########©#######....####
##...8...#.#.#.#.#..#8#...###


You could see an eldritch tentacle, an obsidian statue and an iron imp.

Vanquished Creatures
  the Royal Jelly (Slime:5)
  A juggernaut (Depths:2)
  A golden dragon (Depths:4)
  A bone dragon (Vaults:3)
  the Enchantress (Depths:3)
  A profane servitor (Abyss:2)
  Arachne (Spider:4)
  Jorgrun (Spider:1)
  The ghost of Esodal the Lord of Darkness, an adept GnSk of Kikubaaqudgha (Vaults:2)
  The ghost of Esodal the Lord of Darkness, an adept GnSk of Kikubaaqudgha (Vaults:2)
  5 tentacled monstrosities
  A quicksilver dragon (Vaults:5)
  4 deep elf blademasters
  4 liches
  A deep elf master archer (Elf:3)
  29 acid blobs
  The ghost of Zutzabaico the Severer, an adept MiFi of Okawaru (Vaults:2)
  5 tentacled starspawn
  Frances (D:12)
  A sphinx (Vaults:2)
  8 tengu reavers
  Roxanne (Spider:4)
  A shadow dragon (Vaults:5)
  2 storm dragons
  Donald (Elf:3)
  27 azure jellies
  5 fire giants
  24 vault wardens
  A draconian scorcher (Abyss:2)
  A frost giant (Depths:1)
  11 deep elf sorcerers
  Louise (Swamp:3)
  3 deep elf elementalists (Elf:3)
  5 emperor scorpions
  3 ghost moths
  12 ironheart preservers
  4 spriggan defenders (Depths:3)
  A war gargoyle (Vaults:5)
  12 stone giants
  13 very ugly things
  2 entropy weavers (Spider:4)
  6 caustic shrike skeletons (Depths:3)
  6 deep elf demonologists
  13 large abominations
  A minotaur (Lab)
  2 yellow draconians
  9 deep elf annihilators (Elf:3)
  2 spark wasps (Spider:4)
  A white draconian (WizLab)
  Snorg (Lair:3)
  6 deep elf death magi
  7 death oozes (Slime:5)
  A crystal guardian (Vaults:4)
  4 fire dragons
  A green death (Abyss:2)
  17 ogre magi
  18 ettins
  11 great orbs of eyes
  11 yaktaur captains
  5 deep elf high priests
  A great orb of eyes (shapeshifter) (Vaults:5)
  6 rakshasas
  A ghost crab (Swamp:4)
  Fannar (D:12)
  6 ice dragons
  8 centaur warriors
  2 catoblepae
  42 vault guards
  20 hydras
  Erica (Orc:1)
  4 shambling mangroves
  5 spriggan air magi
  An alligator (shapeshifter) (Depths:3)
  10 alligators
  A satyr (shapeshifter) (Vaults:1)
  19 dancing weapons
  43 two-headed ogres
  4 deep troll shamans
  22 death yaks
  5 orc high priests
  6 tengu warriors
  7 spriggan berserkers
  8 hell knights (Depths:1)
  3 deep troll earth magi
  The ghost of Birdfruit the Geomancer, a novice GrEE of Hepliaklqana (D:8)
  Urug (Orc:1)
  Nergalle (D:12)
  Sonja (Lair:4)
  6 thrashing horrors
  2 iron trolls (Depths:2)
  27 deep elf knights
  3 shadow wraiths
  16 small abominations
  17 deep trolls
  2 sixfirhies
  3 wizards
  A storm dragon skeleton (Abyss:3)
  8 spriggan druids
  A glowing orange brain (shapeshifter) (Vaults:4)
  3 unseen horrors
  16 deep elf archers
  9 swamp dragons
  6 starcursed masses
  2 wolf spider zombies (D:15)
  A lindwurm (shapeshifter) (Vaults:5)
  A death drake (Abyss:2)
  3 phantasmal warriors (Vaults:5)
  3 flayed ghosts
  Pikel (D:5)
  69 deep elf magi
  20 ironbrand convokers
  4 harpies (Vaults:3)
  5 necromancers
  26 orb spiders
  20 wolf spiders
  A sphinx zombie (Depths:1)
  16 orc knights
  2 manticores
  6 orc sorcerers
  9 shining eyes
  A fire giant zombie (Depths:1)
  3 moths of wrath (Spider:4)
  6 cyclopes
  30 ugly things
  A manticore (shapeshifter) (Depths:1)
  A worldbinder (Abyss:2)
  A stone giant zombie (Vaults:1)
  2 black mambas
  A black mamba (shapeshifter) (Depths:3)
  A fire giant skeleton (Abyss:2)
  An orc zombie (Vaults:2)
  5 eyes of devastation
  3 centaur zombies (D:13)
  7 orange demons
  An eye of devastation (shapeshifter) (Vaults:5)
  17 elephants
  14 vault sentinels
  30 spiny frogs
  A rust devil (Abyss:2)
  A spiny frog (shapeshifter) (Vaults:4)
  3 gargoyles
  5 smoke demons
  3 torpor snails
  2 kobold demonologists (D:15)
  5 komodo dragons
  4 efreet
  4 rime drakes
  53 yaktaurs
  An ice devil (WizLab)
  4 freezing wraiths
  A hellwing (Abyss:2)
  3 red devils (D:10)
  6 trolls
  2 yaktaur skeletons
  15 demonic crawlers
  A troll (shapeshifter) (Vaults:3)
  4 ancient zymes
  6 meliai
  4 tengu conjurers
  2 polar bears (shapeshifter)
  45 hornets
  2 polar bears
  13 tyrant leeches
  A wind drake (shapeshifter) (Vaults:4)
  A jumping spider (shapeshifter) (Depths:1)
  44 jumping spiders
  Grinder (D:3)
  Prince Ribbit (D:9)
  22 blink frogs
  98 slime creatures
  A hornet (shapeshifter) (Vaults:3)
  9 hippogriffs
  10 raiju
  13 dream sheep
  12 bog bodies
  An ettin zombie (Vaults:2)
  A raiju (shapeshifter) (Vaults:2)
  A stone giant simulacrum (Vaults:1)
  A frost giant simulacrum (Vaults:3)
  A fire dragon skeleton (Depths:1)
  4 air elementals
  An ice dragon skeleton (Depths:1)
  A redback (shapeshifter) (Vaults:3)
  53 spriggans
  A wraith (Abyss:2)
  2 ynoxinuls
  2 shadows
  The ghost of ShinQuickMan the Thaumaturge, an amateur DECj (D:5)
  4 basilisks
  4 water elementals
  Eustachio (D:6)
  9 humans (D:13)
  35 tarantellas
  51 redbacks
  3 tarantellas (shapeshifter)
  4 vampires
  Grum (D:9)
  5 hungry ghosts
  2 wyverns
  3 fire elementals
  9 golden eyes
  68 yaks
  2 chaos spawn (Abyss:2)
  8 neqoxecs
  22 vampire mosquitoes
  13 insubstantial wisps
  15 swamp worms
  7 wargs
  A naga (Abyss:2)
  An acid dragon (Vaults:2)
  3 spatial vortices
  A soldier ant (D:14)
  A soldier ant (shapeshifter) (Vaults:1)
  12 water moccasins
  10 porcupines
  15 swamp drakes
  4 ice beasts
  3 slaves (D:5)
  5 sky beasts
  44 orc warriors
  6 eyes of draining
  15 wolves
  32 ogres
  14 boggarts
  2 phantoms
  11 centaurs
  3 human skeletons (Vaults:1)
  12 crocodiles
  5 big kobolds
  A human zombie (Vaults:2)
  2 earth elementals
  35 bullfrogs
  9 gnoll sergeants
  An ogre simulacrum (Vaults:1)
  7 scorpions
  20 killer bees
  A human simulacrum (Vaults:1)
  11 wights
  5 howler monkeys
  6 crimson imps
  4 quasits
  2 yaktaur simulacra
  A bullfrog zombie (D:8)
  3 iron imps
  4 jellies
  6 centaur skeletons
  7 hounds
  35 orc priests
  6 gnoll shamans (Bailey)
  36 orc wizards
  3 bullfrog skeletons
  8 worker ants
  5 iguanas
  A hound skeleton (D:7)
  A worker ant zombie (D:10)
  21 gnolls
  A river rat (D:3)
  14 adders
  3 shadow imps
  3 white imps
  An ufetubus (Abyss:2)
  An ooze (D:6)
  An adder skeleton (D:8)
  4 worms (D:2)
  4 dart slugs
  9 leopard geckos
  127 orcs
  17 bats
  9 giant cockroaches
  11 hobgoblins
  9 jackals
  A kobold (shapeshifter) (Depths:2)
  20 kobolds
  7 quokkas
  4 ball pythons
  12 frilled lizards
  4 goblins
  A leopard gecko skeleton (D:4)
  A leopard gecko zombie (D:5)
  A quokka skeleton (D:6)
  A quokka zombie (D:5)
  A rat (shapeshifter) (Vaults:2)
  7 rats
  4 bushes
  A crawling corpse (Elf:3)
  A lurking horror (WizLab)
  8 starspawn tentacles
2454 creatures vanquished.

Vanquished Creatures (others)
  A thrashing horror (Abyss:2)
  An orb spider (Spider:2)
  A demonic crawler (Spider:3)
  A human (D:13)
  A large abomination (Abyss:3)
  2 spatial vortices (Abyss:3)
  A small abomination (Abyss:3)
  5 bushes
  A fire vortex (Depths:3)
  25 fungi
  94 plants
  6 starspawn tentacles (Abyss:2)
  4 toadstools (Depths:4)
  4 withered plants (Vaults:2)
147 creatures vanquished.

Grand Total: 2601 creatures vanquished

Notes
Turn   | Place    | Note
-------+----------+-------------------------------------------
     0 | D:1      | Dfrag the Naga Fire Elementalist began the quest for the
                  | Orb.
     0 | D:1      | Reached XP level 1. HP: 15/15 MP: 3/3
   124 | D:1      | Reached XP level 2. HP: 15/22 MP: 1/5
   275 | D:1      | Reached XP level 3. HP: 17/28 MP: 3/6
   614 | D:2      | Found a deep blue altar of Sif Muna.
   778 | D:2      | Reached XP level 4. HP: 34/36 MP: 4/8
   787 | D:2      | Learned a level 3 spell: Conjure Flame
   792 | D:2      | Learned a level 4 spell: Sticky Flame
  1105 | D:2      | Found an iron altar of Okawaru.
  1105 | D:2      | Found an ornate altar of the Wu Jian Council.
  1106 | D:2      | Found a burning altar of Makhleb.
  1204 | D:2      | Became a worshipper of Makhleb the Destroyer
  1259 | D:3      | Reached XP level 5. HP: 35/42 MP: 3/9
  1293 | D:3      | Noticed Grinder
  1327 | D:3      | Killed Grinder
  1327 | D:3      | Reached XP level 6. HP: 4/49 MP: 0/11
  1508 | D:3      | Found a glowing drain.
  1528 | Sewer    | Entered a sewer
  1684 | Sewer    | Reached * piety under Makhleb
  1920 | Sewer    | Reached skill level 5 in Fire Magic
  1920 | Sewer    | Reached XP level 7. HP: 55/55 MP: 10/13
  2540 | D:4      | Reached ** piety under Makhleb
  2553 | D:4      | Reached skill level 5 in Spellcasting
  2553 | D:4      | Reached skill level 5 in Conjurations
  2553 | D:4      | Reached XP level 8. HP: 62/62 MP: 5/15
  3022 | D:5      | Entered Level 5 of the Dungeon
  3184 | D:5      | Found a transporter.
  3216 | D:5      | Found Moumar's Armour Emporium.
  3416 | D:5      | Found Fiopn's Weapon Shoppe.
  3598 | D:5      | Noticed ShinQuickMan's ghost (amateur DECj)
  3603 | D:5      | Found a transporter.
  3764 | D:5      | Noticed Pikel
  3773 | D:5      | Killed Pikel
  3773 | D:5      | Reached XP level 9. HP: 68/68 MP: 9/18
  4584 | D:6      | Learned a level 5 spell: Fireball
  4767 | D:6      | Reached *** piety under Makhleb
  5017 | D:6      | Noticed Eustachio
  5031 | D:6      | Killed Eustachio
  5285 | D:7      | Reached XP level 10. HP: 75/75 MP: 2/21
  5452 | D:7      | Found a deep blue altar of Sif Muna.
  5549 | D:7      | Found a sacrificial altar of Ru.
  5780 | D:7      | Reached **** piety under Makhleb
  5781 | D:7      | Found a staircase to the Ecumenical Temple.
  5994 | D:8      | You fall through a shaft for 3 floors!
  6019 | D:11     | Noticed a purple ugly thing
  6032 | D:11     | Killed a purple ugly thing
  6081 | D:10     | Entered Level 10 of the Dungeon
  6095 | D:10     | Found a staircase to the Lair.
  6276 | D:8      | Found a glowing golden altar of the Shining One.
  6280 | D:8      | Found a radiant altar of Vehumet.
  6281 | D:8      | Found a bloodstained altar of Trog.
  6282 | D:8      | Found a shattered altar of Ashenzari.
  6417 | D:8      | Found a flagged portal.
  6425 | Bailey   | Entered a bailey
  7348 | Bailey   | Reached ***** piety under Makhleb
  7759 | Bailey   | Got a steaming mace
  7974 | D:8      | Found a runed gate.
  7974 | D:8      | Found a runed gate.
  7974 | D:8      | Found a runed gate.
  7980 | D:8      | Noticed Birdfruit's ghost (novice GrEE)
  7983 | D:8      | Identified the +2 plate armour "Tucomud" {-Tele Regen+
                  | Slay+3 Stlth+}
  7991 | D:8      | Found a roughly hewn altar of Beogh.
  8002 | D:8      | Identified the +3 mace "Hisy" {flame, rN+} (You found it in
                  | a bailey)
  8497 | D:9      | Noticed a gargoyle
  8518 | D:9      | Noticed Prince Ribbit
  8527 | D:9      | Killed Prince Ribbit
  8655 | D:9      | Got a twisted helmet
  8670 | D:9      | Identified the +1 helmet "Yputsavu" {rC- MR- MP+9 Slay+4}
                  | (You found it on level 9 of the Dungeon)
  8752 | D:9      | Killed a gargoyle
  8752 | D:9      | Reached skill level 10 in Fire Magic
  8752 | D:9      | Reached XP level 11. HP: 81/81 MP: 21/24
  8787 | D:9      | Noticed Grum
  8792 | D:9      | Killed Grum
  8975 | D:9      | Found a blossoming altar of Fedhas.
  8987 | D:9      | Found a sparkling altar of Nemelex Xobeh.
  9182 | D:10     | Reached skill level 10 in Conjurations
  9871 | D:10     | Found a staircase to the Orcish Mines.
 10227 | D:10     | Reached skill level 10 in Spellcasting
 10795 | D:11     | Reached XP level 12. HP: 88/88 MP: 26/26
 10966 | D:12     | Noticed Fannar
 10968 | D:12     | Killed Fannar
 11112 | D:12     | Noticed Frances
 11117 | D:12     | HP: 4/88 [chaos spawn[Frances] (10)]
 11497 | D:12     | Killed Frances
 11538 | D:12     | Reached ****** piety under Makhleb
 11690 | D:12     | Noticed a two-headed ogre
 11696 | D:12     | Killed a two-headed ogre
 11882 | D:12     | Noticed Nergalle
 11889 | D:12     | Killed Nergalle
 12168 | D:12     | Found a shimmering altar of Xom.
 12321 | Lair:1   | Entered Level 1 of the Lair of Beasts
 12355 | Lair:1   | Found a runed door.
 12355 | Lair:1   | Noticed FlobFlarker's ghost (novice OgHu)
 12374 | Lair:1   | Noticed a six-headed hydra
 12377 | Lair:1   | Killed a six-headed hydra
 13347 | Lair:2   | Noticed a five-headed hydra
 13357 | Lair:2   | Killed a five-headed hydra
 13357 | Lair:2   | Gained mutation: You can use your snake-like lower body to
                  | constrict enemies. [Naga growth]
 13357 | Lair:2   | Reached XP level 13. HP: 68/94 MP: 19/28
 14434 | Lair:3   | Learned a level 4 spell: Iskenderun's Mystic Blast
 14465 | Lair:3   | Found a staircase to the Swamp.
 14921 | Lair:3   | Noticed Snorg
 14926 | Lair:3   | Killed Snorg
 14965 | Lair:3   | Noticed Efaggol's ghost (journeyman DsFi)
 14975 | Lair:3   | Found a transporter.
 14983 | Lair:3   | Found a transporter.
 15688 | Lair:4   | Found a hole to the Spider Nest.
 15894 | Lair:4   | Noticed Sonja
 15896 | Lair:4   | Killed Sonja
 16405 | Lair:5   | Gained mutation: You are partially covered in rugged brown
                  | scales. (AC +1, +3% HP) [potion of mutation]
 16405 | Lair:5   | Gained mutation: Your mind is acute. (Int +2) [potion of
                  | mutation]
 16405 | Lair:5   | Gained mutation: You have a pair of small antennae on your
                  | head. [potion of mutation]
 16405 | Lair:5   | Gained mutation: You can exhale a cloud of poison. [potion
                  | of mutation]
 16978 | Lair:5   | Found a viscous altar of Jiyva.
 16978 | Lair:5   | Found a staircase to the Slime Pits.
 17401 | Lair:6   | Entered Level 6 of the Lair of Beasts
 17447 | Lair:6   | Reached skill level 1 in Fighting
 17543 | Lair:5   | HP: 4/100 [spiny frog (20)]
 17715 | Lair:5   | Reached skill level 5 in Stealth
 17715 | Lair:5   | Reached XP level 14. HP: 49/112 MP: 14/30
 18146 | Orc:1    | Entered Level 1 of the Orcish Mines
 18385 | Orc:2    | Entered Level 2 of the Orcish Mines
 18633 | Orc:2    | Found Aluymaihae's Weapon Shop.
 18828 | Orc:2    | Found an iron altar of Okawaru.
 18846 | Orc:2    | Found a staircase to the Elven Halls.
 19171 | Orc:2    | Reached skill level 5 in Fighting
 19601 | Orc:2    | Reached skill level 10 in Stealth
 19774 | Orc:2    | Found Quyffech's Jewellery Boutique.
 19777 | Orc:2    | Found Reib's Weapon Shoppe.
 19784 | Orc:2    | Found Qesinwit's Distillery.
 19786 | Orc:2    | Found Waciec's Distillery.
 19792 | Orc:2    | Bought a potion of mutation for 104 gold pieces
 19811 | Orc:2    | Bought a potion of degeneration for 14 gold pieces
 19811 | Orc:2    | Bought a potion of heal wounds for 70 gold pieces
 19811 | Orc:2    | Bought a potion of mutation for 112 gold pieces
 19811 | Orc:2    | Bought a potion of haste for 140 gold pieces
 19813 | Orc:2    | Bought a potion of agility for 52 gold pieces
 19813 | Orc:2    | Bought a potion of might for 52 gold pieces
 19813 | Orc:2    | Bought a potion of cancellation for 104 gold pieces
 20031 | Orc:1    | Found a roughly hewn altar of Beogh.
 20031 | Orc:1    | Noticed Urug
 20032 | Orc:1    | Noticed Erica
 20033 | Orc:1    | Killed Urug
 20036 | Orc:1    | Killed Erica
 20413 | Orc:1    | Noticed an orc warlord
 20416 | Orc:2    | HP: 1/124 [orc priest/divine providence[an orc warlord]
                  | (14)]
 20624 | Elf:1    | Entered Level 1 of the Elven Halls
 20854 | Slime:1  | Entered Level 1 of the Pits of Slime
 20854 | Slime:1  | Noticed an acid blob
 20855 | Slime:1  | Noticed an acid blob
 21969 | Lair:6   | Reached XP level 15. HP: 97/132 MP: 6/31
 23297 | Lair:6   | HP: 5/132 [death yak (13)]
 23937 | D:13     | Found a labyrinth entrance.
 23961 | D:13     | Identified the cursed +1 plate armour of the Lost Path {rN+
                  | MP+9}
 23977 | Lab      | Entered a labyrinth
 25387 | D:13     | Found a gate to the Vaults.
 25498 | D:13     | Noticed a tengu reaver
 25512 | D:13     | Killed a tengu reaver
 25679 | D:13     | Noticed a storm dragon
 25682 | D:13     | Noticed a tengu reaver
 25686 | D:13     | Killed a storm dragon
 25699 | D:13     | HP: 5/198 [battlesphere[a tengu reaver] (30)]
 25702 | D:13     | Killed a tengu reaver
 26166 | D:14     | Reached XP level 16. HP: 142/142 MP: 12/33
 26235 | D:14     | Found Ogotum's Antique Armour Boutique.
 26367 | D:14     | Reached skill level 15 in Fire Magic
 27501 | D:8      | Killed Birdfruit's ghost
 27599 | D:8      | Got a distressingly furry helmet
 27601 | D:8      | Identified the +1 helmet "Ygodgh" {rF++ rN+ Int-4 Stlth+}
                  | (You found it on level 8 of the Dungeon)
 27613 | D:8      | Lost mutation: You can exhale a cloud of poison. [potion of
                  | mutation]
 27613 | D:8      | Lost mutation: You have a pair of small antennae on your
                  | head. [potion of mutation]
 27613 | D:8      | Lost mutation: Your mind is acute. (Int +2) [potion of
                  | mutation]
 27613 | D:8      | Lost mutation: You are partially covered in rugged brown
                  | scales. (AC +1, +3% HP) [potion of mutation]
 27613 | D:8      | Gained mutation: Your tail ends in a poisonous barb.
                  | [potion of mutation]
 27613 | D:8      | Gained mutation: Your flesh is heat resistant. (rF+)
                  | [potion of mutation]
 27613 | D:8      | Gained mutation: Your flesh is very heat resistant. (rF++)
                  | [potion of mutation]
 27718 | D:5      | Killed ShinQuickMan's ghost
 27985 | Spider:1 | Entered Level 1 of the Spider Nest
 28081 | Spider:1 | Noticed Jorgrun
 28095 | Spider:1 | Killed Jorgrun
 28240 | Spider:1 | Reached skill level 15 in Conjurations
 29800 | Spider:2 | Got a pitted dire flail
 30268 | D:15     | Entered Level 15 of the Dungeon
 30950 | D:15     | Found a staircase to the Depths.
 31341 | D:15     | Identified a scroll of acquirement
 31357 | D:15     | Learned a level 8 spell: Ignition
 31364 | D:15     | Learned a level 6 spell: Invisibility
 31490 | D:15     | Identified the +11 falchion "Qucisy" {antimagic, rF- rN++
                  | Dex+5}
 31888 | D:15     | Learned a level 1 spell: Apportation
 32331 | Swamp:1  | Entered Level 1 of the Swamp
 32617 | Spider:2 | Reached XP level 17. HP: 144/144 MP: 17/35
 33412 | Spider:3 | Reached skill level 15 in Spellcasting
 33799 | Spider:3 | HP: 6/144 [wolf spider (12)]
 34502 | Spider:4 | Entered Level 4 of the Spider Nest
 34504 | Spider:4 | Noticed Arachne
 35228 | Spider:4 | Identified Roxanne's Volume of Transformation
 35228 | Spider:4 | Noticed Roxanne
 36037 | Spider:4 | Killed Arachne
 36425 | Spider:4 | Reached XP level 18. HP: 142/152 MP: 37/37
 36628 | Spider:4 | Got a gossamer rune of Zot
 37620 | Vaults:1 | Entered Level 1 of the Vaults
 40086 | Elf:1    | Reached XP level 19. HP: 159/159 MP: 31/39
 40256 | Elf:1    | Identified the +1 lajatang of Dawn {venom, Str+5}
 41026 | Elf:2    | Identified the +7 dire flail "Spiderbane" {antimagic, rC+}
                  | (You found it on level 2 of the Spider Nest)
 41063 | Elf:2    | Found a runed gate.
 41063 | Elf:2    | Found a runed gate.
 41063 | Elf:2    | Found a runed gate.
 42199 | Elf:3    | Entered Level 3 of the Elven Halls
 42217 | Elf:3    | Noticed Donald
 42222 | Elf:3    | Killed Donald
 42327 | Elf:3    | Cast into level 2 of the Abyss (a deep elf sorcerer)
 42375 | Elf:3    | Escaped the Abyss
 42639 | Elf:3    | Reached XP level 20. HP: 140/166 MP: 28/41
 43096 | Elf:3    | Reached XP level 21. HP: 174/174 MP: 42/42
 43192 | Elf:3    | Identified the ring of Gior {+Fly rC+}
 43211 | Elf:3    | Identified the +5 flail "Hiasmom" {crush, rPois rC+ Str+8}
 43603 | Elf:3    | Identified the +6 trident "Refaj" {vamp, MP+9 Str-3 Dex+3
                  | Stlth+}
 43838 | Elf:3    | Got a pair of pitted gloves
 43839 | Elf:3    | Identified the +0 pair of gloves "Miafonk" {rPois Str+2
                  | Int-5 SInv} (You found it on level 3 of the Elven Halls)
 43898 | Elf:3    | Got a translucent ivory ring
 43899 | Elf:3    | Identified the ring "Goliaden" {+Inv rC- Str+4 Int+5
                  | Stlth+} (You found it on level 3 of the Elven Halls)
 43903 | Elf:3    | Identified the Papyrus of Aid
 44038 | Elf:3    | Lost mutation: Your tail ends in a poisonous barb. [potion
                  | of mutation]
 44038 | Elf:3    | Lost mutation: Your flesh is very heat resistant. (rF++)
                  | [potion of mutation]
 44038 | Elf:3    | Lost mutation: Your flesh is heat resistant. (rF+) [potion
                  | of mutation]
 44038 | Elf:3    | Gained mutation: Your mind is acute. (Int +2) [potion of
                  | mutation]
 44038 | Elf:3    | Gained mutation: You have a pair of small antennae on your
                  | head. [potion of mutation]
 44038 | Elf:3    | Gained mutation: You are somewhat resistant to further
                  | mutation. [potion of mutation]
 44039 | Elf:3    | Lost mutation: You have a pair of small antennae on your
                  | head. [potion of mutation]
 44039 | Elf:3    | Lost mutation: Your mind is acute. (Int +2) [potion of
                  | mutation]
 44039 | Elf:3    | Lost mutation: You are somewhat resistant to further
                  | mutation. [potion of mutation]
 44039 | Elf:3    | Gained mutation: You are agile. (Dex +2) [potion of
                  | mutation]
 44039 | Elf:3    | Gained mutation: Your tail ends in a poisonous barb.
                  | [potion of mutation]
 44039 | Elf:3    | Gained mutation: Your mind is acute. (Int +2) [potion of
                  | mutation]
 44039 | Elf:3    | Gained mutation: Your flesh is heat resistant. (rF+)
                  | [potion of mutation]
 44154 | Elf:3    | Found Usos's Jewellery Emporium.
 44154 | Elf:3    | Found Eprelaz's General Store.
 44155 | Elf:3    | Found Xicepueq's Armour Emporium.
 44158 | Elf:3    | Found Usog's Distillery.
 44168 | Elf:3    | Learned a level 7 spell: Orb of Destruction
 44175 | Elf:3    | Learned a level 6 spell: Iron Shot
 44186 | Elf:3    | Bought a potion of heal wounds for 65 gold pieces
 44189 | Elf:3    | Bought a scroll of identify for 20 gold pieces
 44205 | Elf:3    | Bought the cursed +1 robe of Generosity {rElec Regen+ rCorr
                  | Stlth-} for 209 gold pieces
 44820 | Spider:4 | Killed Roxanne
 46905 | Swamp:3  | Noticed Louise
 46908 | Swamp:3  | Cast into level 2 of the Abyss (Louise)
 46908 | Abyss:2  | Found a corrupted altar of Lugonu.
 47328 | Abyss:2  | Gained mutation: You are weak. (Str -2) [a neqoxec]
 47367 | Abyss:2  | Noticed a profane servitor
 47373 | Abyss:2  | Killed a profane servitor
 47419 | Abyss:2  | Gained mutation: You occasionally shout uncontrollably at
                  | your foes. [a neqoxec]
 47448 | Abyss:2  | Reached XP level 22. HP: 106/181 MP: 0/35
 47919 | Abyss:2  | Found a radiant altar of Vehumet.
 47919 | Abyss:2  | Found a sparkling altar of Nemelex Xobeh.
 47921 | Abyss:2  | Found a glowing golden altar of the Shining One.
 47921 | Abyss:2  | Found a blossoming altar of Fedhas.
 47923 | Abyss:2  | Found a deep blue altar of Sif Muna.
 47923 | Abyss:2  | Found a hide-covered altar of Uskayaw.
 47923 | Abyss:2  | Found a shattered altar of Ashenzari.
 47923 | Abyss:2  | Found a basalt altar of Yredelemnul.
 47923 | Abyss:2  | Found a shimmering altar of Xom.
 47923 | Abyss:2  | Found a stormy altar of Qazlal.
 47926 | Abyss:2  | Found a white marble altar of Elyvilon.
 48206 | Abyss:3  | Gained mutation: You are very weak. (Str -4) [a neqoxec]
 48224 | Abyss:3  | Gained mutation: You tend to lose your temper in combat. [a
                  | neqoxec]
 48466 | Abyss:3  | Gained mutation: Your magical capacity is low. (-10% MP) [a
                  | neqoxec]
 48750 | Swamp:3  | Escaped the Abyss
 48765 | Swamp:3  | Killed Louise
 48836 | Swamp:3  | Learned a level 9 spell: Tornado
 49053 | Swamp:4  | Entered Level 4 of the Swamp
 49095 | Swamp:4  | Reached skill level 1 in Air Magic
 49372 | Swamp:4  | Identified the +5 chain mail of Okawaru's Anger {rElec
                  | rPois}
 50314 | Swamp:4  | Got a decaying rune of Zot
 50535 | Slime:1  | Reached skill level 5 in Air Magic
 51259 | Slime:3  | Reached XP level 23. HP: 188/188 MP: 31/41
 51922 | Slime:5  | Entered Level 5 of the Pits of Slime
 51941 | Slime:5  | Reached skill level 10 in Air Magic
 51991 | Slime:5  | Noticed the Royal Jelly
 52638 | Slime:5  | Found a viscous altar of Jiyva.
 52764 | Slime:5  | Killed the Royal Jelly
 53007 | Slime:5  | Got a slimy rune of Zot
 53489 | Vaults:1 | Lost mutation: You are very weak. (Str -4) [potion of
                  | mutation]
 53489 | Vaults:1 | Lost mutation: You are agile. (Dex +2) [potion of mutation]
 53489 | Vaults:1 | Lost mutation: You are weak. (Str -2) [potion of mutation]
 53489 | Vaults:1 | Lost mutation: You tend to lose your temper in combat.
                  | [potion of mutation]
 53489 | Vaults:1 | Gained mutation: Your tail ends in a sharp poisonous barb.
                  | [potion of mutation]
 53489 | Vaults:1 | Gained mutation: You are partially covered in slimy green
                  | scales. (AC +2) [potion of mutation]
 53490 | Vaults:1 | Lost mutation: Your magical capacity is low. (-10% MP)
                  | [potion of mutation]
 53490 | Vaults:1 | Lost mutation: You occasionally shout uncontrollably at
                  | your foes. [potion of mutation]
 53490 | Vaults:1 | Gained mutation: Your skin changes colour to match your
                  | surroundings (Stealth+). [potion of mutation]
 53920 | Vaults:2 | Found a runed gate.
 53920 | Vaults:2 | Found a runed gate.
 53920 | Vaults:2 | Found a runed gate.
 53923 | Vaults:2 | Noticed Zutzabaico's ghost (adept MiFi)
 53926 | Vaults:2 | Noticed Esodal's ghost (adept GnSk)
 53927 | Vaults:2 | Noticed Esodal's ghost (adept GnSk)
 54155 | Vaults:2 | Found a sparkling altar of Nemelex Xobeh.
 54320 | Vaults:2 | Reached XP level 24. HP: 182/195 MP: 4/47
 54750 | Vaults:2 | Found Mesuoq's Armour Boutique.
 54766 | Vaults:2 | Bought the +4 scale mail of Epommu {Str+3 Int+8} for 973
                  | gold pieces
 55228 | Vaults:2 | Found a portal to a secret trove of treasure.
 55408 | Vaults:2 | Killed Zutzabaico's ghost
 55493 | Vaults:2 | Killed Esodal's ghost
 55698 | Vaults:2 | Killed Esodal's ghost
 55732 | Vaults:2 | Reached XP level 25. HP: 202/202 MP: 47/47
 55734 | Vaults:2 | Got a blackened flail
 55736 | Vaults:2 | Identified the +6 flail of the Gloaming {speed, rN+ MR+
                  | Str-5 Int+7} (You found it on level 2 of the Vaults)
 56453 | Vaults:3 | Reached skill level 5 in Armour
 56558 | Vaults:3 | Reached skill level 15 in Air Magic
 57547 | Vaults:3 | Found a staircase to the Crypt.
 58011 | Vaults:4 | Reached XP level 26. HP: 99/210 MP: 4/47
 58808 | Vaults:5 | Entered Level 5 of the Vaults
 59006 | Vaults:5 | Reached skill level 10 in Armour
 59828 | Depths:1 | Entered Level 1 of the Depths
 59863 | Depths:1 | Found Qyipaung's Distillery.
 59880 | Depths:1 | Bought a potion of magic for 152 gold pieces
 59880 | Depths:1 | Bought a potion of magic for 152 gold pieces
 59880 | Depths:1 | Bought a potion of lignification for 57 gold pieces
 59880 | Depths:1 | Bought a potion of mutation for 152 gold pieces
 59880 | Depths:1 | Bought a potion of mutation for 152 gold pieces
 60701 | Depths:1 | Found a gateway to Hell.
 61117 | Depths:1 | Reached XP level 27. HP: 217/217 MP: 30/47
 61313 | Depths:2 | Found a one-way gate to the infinite horrors of the Abyss.
 62769 | Depths:2 | Noticed a juggernaut
 63335 | Depths:2 | Killed a juggernaut
 63339 | Depths:2 | Found the +6 Majin-Bo {vamp, Archmagi MP+6 Int+6}
 63371 | Depths:2 | Got an encrusted dagger
 63372 | Depths:2 | Identified the +12 dagger of Hacking and Slashing {venom,
                  | rPois} (You found it on level 2 of the Depths)
 63386 | Depths:2 | Identified the Reference Book on Transformation and
                  | Companions
 63404 | Depths:2 | Got an opalescent robe
 63405 | Depths:2 | Identified the +2 robe "Febb" {rElec rCorr Dex-5} (You
                  | found it on level 2 of the Depths)
 63812 | Depths:3 | Found a gateway to a ziggurat.
 64505 | Depths:3 | Identified the +6 short sword of Parts Unknown {flame,
                  | *Noise rPois MR- Dex+8}
 64743 | Depths:3 | Found a one-way gate leading to the halls of Pandemonium.
 64750 | Depths:3 | Identified the +6 faerie dragon scales {rC++ rCorr MP+9}
 64750 | Depths:3 | Noticed the Enchantress
 64759 | Depths:3 | Killed the Enchantress
 65520 | Depths:3 | Found a bloodstained altar of Trog.
 65745 | Depths:4 | Found a magical portal.
 65763 | WizLab   | Entered The Roulette of Golubria
 65763 | WizLab   | Found a transporter.
 65772 | WizLab   | Found a corrupted altar of Lugonu.
 65868 | WizLab   | Found a corrupted altar of Lugonu.
 65875 | WizLab   | Found a corrupted altar of Lugonu.
 65881 | WizLab   | Found a transporter.
 65919 | WizLab   | Found a transporter.
 65939 | WizLab   | Found a transporter.
 65979 | WizLab   | Found a transporter.
 66011 | WizLab   | Found a transporter.
 66047 | WizLab   | Found a transporter.
 66329 | WizLab   | Found a transporter.
 66329 | WizLab   | Found a transporter.
 66521 | WizLab   | Found a transporter.
 66521 | WizLab   | Found a transporter.
 66593 | WizLab   | Found a transporter.
 66593 | WizLab   | Found a transporter.
 66686 | WizLab   | Paralysed by an eldritch tentacle for 2 turns
 66687 | WizLab   | Demolished by an eldritch tentacle

Vault maps used:
D:1:      dpeg_arrival_triangle_fractal, minmay_3d_cube
D:2:      cheibrodos_old_hovel, gammafunk_temple_overflow_claw,
          lemuel_blue_sif_altar, grunt_decor_clamped, minmay_misc_feat_hallway,
          chequers_serial_rivers_micro_c
D:3:      portal_sewer_entry_b, uniq_grinder
D:5:      first_ration, serial_shops, nicolae_shop_crystal, shop,
          gammafunk_ghost_hive, uniq_pikel
D:6:      minmay_spotlight, uniq_eustachio
D:7:      nicolae_ru_awakened_eye, minmay_temple_entry_nine_rooms, basic_altar,
          grunt_ogre_cave, minmay_fountain_box, eino_curves_01
D:8:      grunt_temple_overflow_open, enter_bailey_2,
          biasface_ghost_orc_armoury, kennysheep_cross_bottleneck
D:9:      fedhas_bush_and_centaur_altar, nemelex_xobeh_ov_fountains_minmay,
          uniq_grum, uniq_prince_ribbit1
D:10:     david_lair_generic, hiddenorc1_lemuel, minmay_beelzebubs_servants
D:12:     xom_teletrap_fun, uniq_fannar, uniq_nergalle, uniq_frances
D:13:     thingy_vault, ximxim_vaults_locker_room, lab_entry_generic, eino_jars
D:14:     kennysheep_donut, serial_shops, kennysheep_mini
D:15:     grunt_enter_depths_giant_problem, minivault_11,
          minmay_protected_statue
Lair:1:   gammafunk_ghost_grave, serial_bayou_shore_b, grunt_megastairs_2,
          infiniplex_staircase_pool_2
Lair:3:   skrybe_swamp_entry_bodies, gammafunk_ghost_hive, st_stairs_11,
          uniq_snorg
Lair:4:   nicolae_spider_entry_tight_spaces, uniq_sonja
Lair:5:   slime_altar_1, chequers_serial_rivers_micro_d
Lair:6:   minmay_lair_end_frog_pond
Swamp:1:  nicolae_swamp_round_clearing
Swamp:2:  evilmike_swamp_ruin_house_4, swamp_pool5
Swamp:3:  evilmike_swamp_ruin_rubble_2, uniq_louise
Swamp:4:  swamp
Spider:1: uniq_jorgrun
Spider:2: nicolae_crawler_farm
Spider:4: johnstein_spider_rune_arachne_lair, uniq_arachne, uniq_roxanne
Slime:1:  cheibrodos_slime_lost_civilization_9
Orc:1:    ebering_ghost_xom, serial_shops,
          nicolae_shop_temple_entry_statues_fountains, basic_altar,
          mines_bat_river, uniq_urug, uniq_harold, uniq_erica
Orc:2:    st_orc_elflike, serial_shops, nicolae_shop_waterfront, abandoned_shop,
          okawaru_metal_pillars_3
Elf:1:    minmay_elf_arrival_circle, kennysheep_underground_church
Elf:3:    minmay_elf_hall_quartered_circle, minmay_shoptagon, uniq_donald
Vaults:1: ontoclasm_vaults_spin, vaults_dpeg_cross, hangedman_vaults_slice,
          v_misc_9, vaults_room_stairs_pillars, v_misc_33, serial_ice_m,
          hangedman_vaults_impose, v_misc_27, hangedman_vaults_slither,
          st_spiral_rooms, vaults_dpeg_doors, v_misc_22, vaults_dpeg_ring
Vaults:2: gammafunk_vaults_ghost_cemetery, hangedman_vaults_pinch,
          ontoclasm_vaults_ring_large, st_octagons_1, vaults_room_pool,
          v_misc_28, v_misc_27, hangedman_vaults_cutoff,
          grunt_vaults_hallway_short, nicolae_vaults_specimen_jars,
          serial_shops, shop_fountains, basic_altar, enter_trove_5
Vaults:3: minmay_crypt_entry_nasty_monster, v_pattern_5,
          hangedman_vaults_hard_town_square, hangedman_vaults_stream, v_misc_28,
          hangedman_vaults_impose, vaults_room_grid, v_rooms_2, v_misc_3,
          vaults_room_stairs_pillars
Vaults:4: v_rooms_1, vaults_room_pool, hangedman_vaults_maws,
          vaults_standard_mumra_enter_the_diamond, v_misc_11,
          hangedman_vaults_trim, v_pattern_3, ontoclasm_vaults_fault,
          nicolae_vaults_inception_scallops, ontoclasm_vaults_pinch
Depths:1: grunt_hell_entry_dis_old, chequers_serial_rivers_small_b,
          serial_shops, nicolae_shop_window_shopping, minmay_three_doors
Depths:2: giant_chief_lemuel, minmay_misc_feat_iff, hell_entry, abyss_entry,
          serial_sigils, serial_sigils_hangedman_snap,
          serial_sigils_hangedman_confine, serial_sigils_hangedman_scratch,
          serial_sigils_hangedman_leer, serial_sigils_hangedman_stare,
          serial_sigils_hangedman_quiver
Depths:3: spriggan_forest, hell_entry, pan_entry
Depths:4: lemuel_castle_with_subvaults, corexii_hall_statues_s,
          abyss_entry_flame_altar, hellmouth_1, infiniplex_enter_wizlab_water,
          minmay_gold_behind_fungi, chequers_serial_rivers_small_b
Abyss:3:  nicolae_abyss_rune_left_handed, evilmike_abyss_exit_9
Lab:      nicolae_lab_dead_adventurers, nicolae_lab_blocks
Sewer:    sewer_frog_island_01
Bailey:   bailey_polearm_gnolls_kennysheep, bailey
WizLab:   wizlab_golubria

Skill      XL: |  1  2  3  4  5  6  7  8  9 10 11 12 13 14 15 16 17 18 19 20 21 22 23 24 25 26 27 |
---------------+----------------------------------------------------------------------------------+-----
Conjurations   | 2 3 4 5 6 8 9 10 12 13 14 15 16 17 18 19 20 | 20.2
Spellcasting   | 3 4 5 6 7 9 10 11 12 13 14 15 16 17 18 19 20 | 20.3
Fire Magic     | 4 5 7 8 10 11 12 13 14 16 17 18 19 20 | 20.0
Fighting       | 2 7 |  7.5
Stealth        | 5 12 | 12.4
Shields        | 4 |  4.0
Air Magic      | 8 13 14 16 18 20 | 20.1
Armour         | 3 7 11 13 | 13.9
Dodging        | |  1.5

Action                   |  1- 3 |  4- 6 |  7- 9 | 10-12 | 13-15 | 16-18 | 19-21 | 22-24 | 25-27 || total
-------------------------+-------+-------+-------+-------+-------+-------+-------+-------+-------++-------
Melee: Unarmed           |    14 |    27 |       |       |       |       |       |       |       ||    41
       Dagger            |       |       |    69 |    24 |       |       |       |       |       ||    93
       Mace              |       |       |       |   100 |   118 |       |       |       |       ||   218
       Constrict         |       |       |       |       |    38 |    39 |     8 |    11 |    40 ||   136
       Staff             |       |       |       |       |    30 |   128 |    31 |    65 |   228 ||   482
       Tailslap          |       |       |       |       |       |    14 |     5 |    11 |    60 ||    90
 Cast: Flame Tongue      |    45 |    58 |   136 |   163 |   171 |    77 |     3 |     1 |     1 ||   655
       Sticky Flame      |       |     2 |    30 |    77 |   149 |   122 |    42 |    44 |    60 ||   526
       Conjure Flame     |       |       |     6 |     9 |     2 |     5 |     1 |       |       ||    23
       Fireball          |       |       |       |   109 |   189 |   369 |   265 |   200 |   119 ||  1251
       Iskenderun's Myst |       |       |       |       |       |   112 |    77 |    28 |     3 ||   220
       Apportation       |       |       |       |       |       |     1 |       |       |       ||     1
       Ignition          |       |       |       |       |       |    23 |    38 |   114 |   189 ||   364
       Iron Shot         |       |       |       |       |       |       |     3 |    10 |    64 ||    77
       Orb of Destructio |       |       |       |       |       |       |     1 |    16 |    61 ||    78
 Abil: Spit Poison       |    26 |    14 |    29 |    29 |     2 |       |       |       |       ||   100
       Breathe Poison Ga |       |       |       |       |    34 |     1 |       |       |       ||    35
       Evoke Invisibilit |       |       |       |       |     3 |     2 |       |       |       ||     5
Evoke: Wand              |       |       |       |    22 |    12 |    13 |       |     7 |       ||    54
  Use: Potion            |       |     4 |       |     3 |     7 |    10 |     7 |    10 |     4 ||    45
       Scroll            |       |       |       |    16 |    12 |    15 |    15 |     9 |     7 ||    74
 Stab: Sleeping          |       |       |     2 |     2 |     1 |       |       |       |       ||     5
       Distracted        |       |       |       |       |     1 |     1 |       |       |       ||     2
  Eat: Chunk             |     1 |     5 |    16 |    42 |    57 |    53 |    15 |    11 |    22 ||   222
       Ration            |       |       |       |     2 |     2 |     8 |     7 |     7 |     2 ||    28
Armor: Robe              |    14 |    13 |    31 |   101 |    11 |       |    67 |   134 |       ||   371
       Skin              |       |    14 |       |     3 |    42 |     4 |       |    33 |    68 ||   164
       Troll leather arm |       |       |       |       |   154 |   408 |    31 |       |       ||   593
       Scale mail        |       |       |       |       |       |       |       |     5 |   392 ||   397
Dodge: Dodged            |    41 |    34 |    68 |   181 |   212 |   312 |   100 |   146 |   200 ||  1294
       Deflected         |       |       |     8 |    14 |     3 |    21 |    12 |       |       ||    58
Block: Buckler           |       |       |       |       |       |       |    54 |   119 |   237 ||   410

Table legend:
 A = Non-vault XP
 B = Vault XP
 C = Vault XP percentage of total XP
 D = Non-vault monster count
 E = Vault monster count
 F = Vault count percentage of total count
                 A         B        C        D         E       F
            +---------+---------+-------+---------+---------+-------
      Total |  645592 |  547536 |  45.9 |    1595 |     818 |  33.9
            +---------+---------+-------+---------+---------+-------
        D:1 |      47 |       8 |  14.5 |      28 |       4 |  12.5
        D:2 |      87 |      13 |  13.0 |      20 |       1 |   4.8
        D:3 |      70 |     302 |  81.2 |      18 |       4 |  18.2
        D:4 |     565 |       0 |   0.0 |      24 |       0 |   0.0
        D:5 |     555 |    1230 |  68.9 |      26 |       8 |  23.5
        D:6 |     850 |     259 |  23.4 |      25 |       3 |  10.7
        D:7 |    1284 |     122 |   8.7 |      35 |       1 |   2.8
        D:8 |    1490 |    1317 |  46.9 |      31 |      12 |  27.9
        D:9 |    1264 |    1062 |  45.7 |      20 |       7 |  25.9
       D:10 |    2857 |    4046 |  58.6 |      46 |      29 |  38.7
       D:11 |    3244 |       0 |   0.0 |      27 |       0 |   0.0
       D:12 |    2326 |    3917 |  62.7 |      12 |       3 |  20.0
       D:13 |    5331 |   15085 |  73.9 |      24 |      36 |  60.0
       D:14 |    8313 |       0 |   0.0 |      33 |       0 |   0.0
       D:15 |   19188 |    1789 |   8.5 |      49 |       1 |   2.0
     Lair:1 |    5503 |     250 |   4.3 |      22 |       2 |   8.3
     Lair:2 |    4765 |       0 |   0.0 |      20 |       0 |   0.0
     Lair:3 |    2824 |    1863 |  39.7 |      15 |       5 |  25.0
     Lair:4 |    4024 |    2379 |  37.2 |      19 |       7 |  26.9
     Lair:5 |    7938 |    1102 |  12.2 |      26 |       3 |  10.3
     Lair:6 |   21772 |   12761 |  37.0 |      60 |      48 |  44.4
    Swamp:1 |    3964 |       0 |   0.0 |      13 |       0 |   0.0
    Swamp:2 |   12121 |     401 |   3.2 |      30 |       3 |   9.1
    Swamp:3 |   12850 |    1686 |  11.6 |      38 |       1 |   2.6
    Swamp:4 |   19157 |   16204 |  45.8 |      46 |      24 |  34.3
   Spider:1 |    2903 |    3169 |  52.2 |      11 |       1 |   8.3
   Spider:2 |   19878 |    2144 |   9.7 |      47 |       7 |  13.0
   Spider:3 |   19943 |    1642 |   7.6 |      48 |       1 |   2.0
   Spider:4 |   13762 |   29767 |  68.4 |      36 |      61 |  62.9
    Slime:1 |   15129 |       0 |   0.0 |      14 |       0 |   0.0
    Slime:2 |   30191 |       0 |   0.0 |      32 |       0 |   0.0
    Slime:3 |    7923 |       0 |   0.0 |      18 |       0 |   0.0
    Slime:4 |   24290 |    2993 |  11.0 |      32 |       2 |   5.9
    Slime:5 |   23967 |   29433 |  55.1 |      36 |      12 |  25.0
      Orc:1 |    2581 |    1769 |  40.7 |      22 |       7 |  24.1
      Orc:2 |    3933 |    8287 |  67.8 |      43 |      25 |  36.8
      Elf:1 |   17707 |    6267 |  26.1 |      28 |      10 |  26.3
      Elf:2 |   22227 |   22388 |  50.2 |      36 |      27 |  42.9
      Elf:3 |   26878 |   54478 |  67.0 |      44 |      35 |  44.3
   Vaults:1 |   33690 |   21660 |  39.1 |      64 |      40 |  38.5
   Vaults:2 |   23483 |   41989 |  64.1 |      39 |      34 |  46.6
   Vaults:3 |   51701 |   30172 |  36.9 |      92 |      33 |  26.4
   Vaults:4 |   31007 |   31396 |  50.3 |      43 |      38 |  46.9
   Vaults:5 |    6379 |   64066 |  90.9 |      10 |      54 |  84.4
   Depths:1 |   36630 |    5835 |  13.7 |      52 |       4 |   7.1
   Depths:2 |   37237 |   40083 |  51.8 |      37 |      34 |  47.9
   Depths:3 |    3631 |   66264 |  94.8 |      14 |     106 |  88.3
   Depths:4 |    4605 |       0 |   0.0 |       1 |       0 |   0.0
    Abyss:2 |   36258 |       0 |   0.0 |      74 |       0 |   0.0
    Abyss:3 |    6538 |    5728 |  46.7 |      14 |      12 |  46.2
        Lab |       0 |    1254 | 100.0 |       0 |       1 | 100.0
      Sewer |       0 |     260 | 100.0 |       0 |      20 | 100.0
     Bailey |       0 |    1214 | 100.0 |       0 |      30 | 100.0
     WizLab |     732 |    9482 |  92.8 |       1 |      22 |  95.7
            +---------+---------+-------+---------+---------+-------
